 Dungeon Crawl Stone Soup version 0.13-a0-1585-g6f4f798 (webtiles) character file.

2099 Kae the Whirler (level 9, -7/54 HPs)
             Began as a Halfling Hunter on June 12, 2013.
             Killed from afar by rvm's ghost (29 damage)
             ... with a stone arrow
             ... on Level 6 of the Dungeon.
             The game lasted 00:10:00 (4874 turns).

Kae the Whirler (Halfling Hunter)                   Turns: 4874, Time: 00:10:00

HP  -7/54        AC  4     Str  9      XL: 9   Next: 30%
MP   8/8         EV 13     Int 11      God:
Gold 298         SH  0     Dex 20      Spells:  0 memorised,  8 levels left

Res.Fire  : . . .   See Invis. : .   b - +1,+2 sling
Res.Cold  : . . .   Warding    : .   g - +0 elf leather armour
Life Prot.: . . .   Conserve   : .   (no shield)
Res.Poison: .       Res.Corr.  : .   (no helmet)
Res.Elec. : .       Clarity    : .   (no cloak)
Sust.Abil.: . .     Spirit.Shd : .   (no gloves)
Res.Mut.  : .       Stasis     : .   y - +0 pair of boots
Res.Rott. : .       Flight     : .   (no amulet)
Saprovore : . . .                    (no ring)
                                     (no ring)

@: slightly resistant to hostile enchantments, fairly stealthy
A: mutation resistance 1, slow metabolism 1
a: no special abilities


You were on level 6 of the Dungeon.
You were not hungry.

You visited 1 branch of the dungeon, and saw 6 of its levels.

You collected 278 gold pieces.

Inventory:

Hand weapons
 a - a +0,+0 short sword
 b - a +1,+2 sling (weapon)
Missiles
 c - 41 sling bullets
 o - 32 stones (quivered)
Armour
 g - a +0 elven leather armour (worn)
 y - a +0 pair of boots (worn)
Comestibles
 f - 4 bread rations
 k - a slice of pizza
 m - a pear
 r - a chunk of adder flesh
 z - a meat ration
 A - 2 apples
 C - 2 chokos
Scrolls
 d - a scroll of enchant weapon I {unknown}
 e - 2 scrolls of fog
 j - 3 scrolls of remove curse
 l - a scroll of amnesia {unknown}
 p - 6 scrolls of identify
 s - a scroll of magic mapping
 w - a scroll of immolation {unknown}
Potions
 h - a potion of flight
 i - 2 potions of agility {unknown}
 n - 2 potions of magic {unknown}
 q - a potion of paralysis {unknown}
 t - a potion of slowing {unknown}
 x - 2 potions of poison {unknown}
 B - a potion of invisibility {unknown}


   Skills:
 - Level 0.8 Fighting
 + Level 15.3 Slings
 - Level 2.4 Dodging
 - Level 1.3 Stealth


You had 8 spell levels left.
You didn't know any spells.

Dungeon Overview and Level Annotations

Branches:
Dungeon (6/27)
 Temple: D:4-7          Orc: D:6-11

Altars:

Shops:
D:4: =

Annotations
D:6 rvm's ghost, experienced GrEE


Innate Abilities, Weirdness & Mutations

You are small and have problems with some larger weapons.
You are somewhat resistant to further mutation.
You have a slow metabolism.


Message History

Aim: rvm's ghost (lightly damaged)
You shoot a stone. The stone hits rvm's ghost.
Rvm's ghost is moderately damaged.
Firing (i - inventory. (,) - cycle):
o - 34 stones (quivered)
Press: ? - help, Shift-Dir - straight line, f/p - rvm's ghost
Aim: rvm's ghost (moderately damaged)
You shoot a stone. The stone hits rvm's ghost.
Rvm's ghost is moderately damaged.
Rvm's ghost hits you but does no damage.
Rvm's ghost casts a spell at you. The stone arrow hits you!
Firing (i - inventory. (,) - cycle):
o - 33 stones (quivered)
Press: ? - help, Shift-Dir - straight line, f/p - rvm's ghost
Aim: rvm's ghost (moderately damaged)
You shoot a stone. The stone hits rvm's ghost.
Rvm's ghost is moderately damaged.
Rvm's ghost points at you and mumbles some strange words.
The stone arrow hits you!
Ouch! That really hurt!
You die...

#.#...............
###...(...........
......(...........
..................
........(......##
...............#
..........(....#########
...........(.p...........
................@........
###.%############...#####
#..# #...# #..# #...#
###..############...#
....................######
..........................
####.......................
#..###########..........


You could see rvm's ghost.

Vanquished Creatures
  Pikel (D:6)
  A phantom (D:4)
  4 ogres
  2 centaurs
  2 sky beasts (D:5)
  A crimson imp (D:5)
  3 hounds
  3 orc priests (D:3)
  An orc wizard (D:3)
  3 worker ants
  A quasit (D:6)
  An iguana (D:5)
  A jelly (D:5)
  11 adders
  A giant mite (D:2)
  2 giant eyeballs
  2 giant geckos
  An ooze (D:1)
  15 orcs
  8 bats
  2 giant cockroaches
  14 hobgoblins
  6 kobolds
  A ball python (D:1)
  A giant gecko skeleton (D:4)
  A giant gecko zombie (D:5)
  A giant newt (D:1)
  9 goblins
  A goblin skeleton (D:4)
  14 jackals
  An orc zombie (D:5)
  2 quokkas
  6 rats
123 creatures vanquished.

Notes
Turn   | Place    | Note
--------------------------------------------------------------
     0 | D:1      | Kae, the Halfling Hunter, began the quest for the Orb.
     0 | D:1      | Reached XP level 1. HP: 14/14 MP: 0/0
    35 | D:1      | Reached skill level 6 in Slings
   232 | D:1      | Reached XP level 2. HP: 17/19 MP: 1/1
   844 | D:1      | Reached skill level 7 in Slings
   844 | D:1      | Reached XP level 3. HP: 11/24 MP: 2/2
  1005 | D:2      | Reached XP level 4. HP: 21/29 MP: 3/3
  1149 | D:2      | Reached skill level 8 in Slings
  1780 | D:2      | Reached XP level 5. HP: 34/34 MP: 4/4
  1995 | D:3      | Reached skill level 9 in Slings
  2002 | D:3      | Reached XP level 6. HP: 35/39 MP: 5/5
  2161 | D:3      | Reached skill level 10 in Slings
  2685 | D:4      | Reached skill level 11 in Slings
  2685 | D:4      | Reached XP level 7. HP: 18/44 MP: 6/6
  3086 | D:4      | Reached skill level 12 in Slings
  3210 | D:4      | Reached XP level 8. HP: 49/49 MP: 7/7
  3226 | D:4      | Found Strotzagh's Jewellery Shop.
  3542 | D:5      | Entered Level 5 of the Dungeon
  3631 | D:5      | Reached skill level 13 in Slings
  3997 | D:5      | Reached skill level 14 in Slings
  4603 | D:6      | Paralysed by a giant eyeball for 3 turns
  4637 | D:6      | Noticed Pikel
  4701 | D:6      | Killed Pikel
  4701 | D:6      | Reached skill level 15 in Slings
  4701 | D:6      | Reached XP level 9. HP: 30/54 MP: 8/8
  4847 | D:6      | Noticed rvm's ghost (experienced GrEE)
  4874 | D:6      | Killed from afar by rvm's ghost

Action                   |  1- 3 |  4- 6 |  7- 9 || total
-------------------------+-------+-------+-------++-------
Melee: Short sword       |    50 |    51 |       ||   101
 Fire: Sling             |    24 |   121 |   217 ||   362
  Use: Potion            |     2 |       |     4 ||     6
       Scroll            |       |       |     9 ||     9
 Stab: Sleeping          |     1 |       |       ||     1
